 Dungeon Crawl Stone Soup version 0.30.0-29-ga12c61a403 (webtiles) character file.

Game seed: 2792350051530536448

12287 Fodor the Basher (level 11, -3/99 HPs)
             Began as a Minotaur Fighter on June 12, 2023.
             Was an Initiate of Gozag.
             Slain by a hellwing (6 damage)
             ... summoned by an orc sorcerer
             ... while paralysed by an orc sorcerer
             ... on level 2 of the Orcish Mines.
             The game lasted 01:00:58 (11685 turns).

Fodor the Basher (Minotaur Fighter)                Turns: 11685, Time: 01:00:59

Health: -3/99      AC: 15    Str: 25    XL:     11   Next: 60%
Magic:  19/19      EV:  2    Int: 13    God:    Gozag
Gold:   2200       SH:  0    Dex: 13    Spells: 10/10 levels left

rFire   + . .        p - +8 mace "Ygicw" {drain, *Corrode rPois MP+9 Int+8}
rCold   . . .        c - +0 buckler
rNeg    + . .        r - +0 chain mail
rPois   +            (helmet restricted)
rElec   .            (no cloak)
rCorr   .            K - +0 pair of gloves {Str+3}
SInv    .            n - +0 pair of boots
Will    .....        (no amulet) Stlth
                     z - ring of the Living God {Drain rF+ rN+ Slay+2 Stlth+}
HPRegen 0.36/turn    J - +5 ring of evasion
MPRegen 0.16/turn

%: corrode self (3%)
@: paralysed, gold aura
A: horns 2, retaliatory headbutt
a: Renounce Religion, Potion Petition, Call Merchant, Bribe Branch


You were on level 2 of the Orcish Mines.
You worshipped Gozag.
Gozag was most pleased with you.
You visited 3 branches of the dungeon, and saw 13 of its levels.

You collected 2246 gold pieces.
You paid 46 gold pieces to Gozag.

Inventory:

Hand Weapons
 p - the +8 mace "Ygicw" (weapon) {drain, *Corrode rPois MP+9 Int+8}
   (You found it on level 2 of the Dungeon)

   Int:       It affects your intelligence (+8).
   rPois:     It protects you from poison.
   MP:        It affects your magic capacity (+9).
   *Corrode:  It may corrode you when you take damage.
Missiles
 f - 86 stones
 u - 4 poisoned darts
 w - 5 javelins (quivered)
 C - 2 boomerangs
Armour
 c - a +0 buckler (worn)
 n - a +0 pair of boots (worn)
 r - a +0 chain mail (worn)
 K - a +0 pair of gloves of strength (worn)
Jewellery
 k - a ring of positive energy
 q - a +6 ring of intelligence
 s - the ring of Zaskudyd {Ice rN+}
   (You found it on level 3 of the Dungeon)

   [ring of ice]

   It enhances your ice magic.
   rF:        It makes you vulnerable to fire.
   rC:        It protects you from cold.
   rN:        It protects you from negative energy.
 z - the ring of the Living God (left hand) {Drain rF+ rN+ Slay+2 Stlth+}
   (You found it on level 4 of the Dungeon)

   [ring of positive energy]

   Slay:      It affects your accuracy & damage with ranged weapons and melee
   (+2).
   rF:        It protects you from fire.
   rN:        It protects you from negative energy.
   Drain:     It drains your maximum health when unequipped.
   Stlth:     It makes you more stealthy.
 A - an amulet of magic regeneration
 J - a +5 ring of evasion (right hand)
Wands
 j - a wand of iceblast (11)
 t - a wand of paralysis (32)
 H - a wand of polymorph (13)
 N - a wand of flame (13)
Scrolls
 a - a scroll of vulnerability {unknown}
 e - a scroll of blinking {unknown}
 h - a scroll of poison {unknown}
 l - a scroll of enchant weapon {unknown}
 m - 3 scrolls of amnesia
 v - 4 scrolls of enchant armour
 x - a scroll of magic mapping
 y - a scroll of silence
 E - a scroll of fog {unknown}
 G - 3 scrolls of teleportation
 L - a scroll of fear {unknown}
 M - 2 scrolls of brand weapon {unknown}
Potions
 b - 4 potions of flight
 d - 2 potions of might
 i - 2 potions of magic {unknown}
 o - 2 potions of lignification {unknown}
 B - 2 potions of attraction {unknown}
 D - 2 potions of mutation {unknown}
 F - a potion of heal wounds {unknown}
 I - a potion of cancellation {unknown}


   Skills:
 + Level 10.1 Fighting
 + Level 1.2(2.1) Short Blades
 + Level 2.9(3.1) Long Blades
 + Level 13.0 Maces & Flails
 + Level 2.7 Throwing
 + Level 11.7 Armour
 + Level 4.3 Dodging
 + Level 2.2 Stealth
 + Level 8.6 Shields


You had 10 spell levels left.
You didn't know any spells.
Your spell library contained the following spells:

 Spells                   Type           Power      Damage    Failure   Level
 Beastly Appendage        Tmut           0%         N/A       80%         1
 Necrotise                Necr           0%         1d4       80%         1
 Wereblood                Tmut           0%         N/A       90%         2
 Spider Form              Tmut/Pois      0%         N/A       99%         3
 Vampiric Draining        Necr           0%         2d6       99%         3
 Agony                    Necr           0%         N/A       100%        5


Dungeon Overview and Level Annotations

Branches:
Dungeon (10/15)            Temple (1/1) D:7            Lair (0/5) D:9
    Orc (2/2) D:10
    Elf: Orc:2

Altars:
Ashenzari
Dithmenos
Elyvilon
Fedhas
Gozag
Hepliaklqana
Kikubaaqudgha
Nemelex Xobeh
Okawaru
Qazlal
Ru
Sif Muna
Trog
Uskayaw
Vehumet
Wu Jian
Xom
Yredelemnul
Zin
The Shining One


Innate Abilities, Weirdness & Mutations

You have a pair of horns on your head.
You reflexively headbutt those who attack you in melee.


Message History

The orc sorcerer gestures at you while chanting.
You resist with significant effort. You block the warg's attack.
You sock the warg! You drain the warg. Your headbutt misses the warg.
The warg is almost dead.
The orc sorcerer closely misses you. You furiously retaliate!
You headbutt the orc sorcerer. The warg bites you but does no damage.
You miss the warg. You headbutt the warg.
You kill the warg!
You block the orc sorcerer's attack.
You hit the orc warrior but do no damage.
You drain the orc warrior. Your headbutt misses the orc warrior.
The orc warrior is severely wounded.
You barely miss the orc warrior. You headbutt the orc warrior.
The orc warrior is almost dead.
The ice devil disappears in a puff of smoke!
You block the orc warrior's attack.
You thump the orc warrior!
You kill the orc warrior!
The orc sorcerer is distracted by your dazzling golden aura.
The orc sorcerer hits you but does no damage.
The orc priest invokes the aid of Beogh against you.
Beogh smites you!
* * * LOW HITPOINT WARNING * * *
The orc sorcerer gestures at you while chanting.
You suddenly lose the ability to move!
The orc warrior is distracted by your dazzling golden aura.
The orc sorcerer shouts!
The orc warrior is no longer distracted by gold.
The orc sorcerer gestures wildly while chanting.
The orc sorcerer is no longer distracted by gold.
The orc sorcerer hits you but does no damage.
The orc sorcerer hits you with a +0 dagger.
* * * LOW HITPOINT WARNING * * *
The orc sorcerer hits you but does no damage.
The orc priest looks satisfied for a moment.
The orc sorcerer hits you but does no damage.
The hellwing hits you but does no damage.
The hellwing hits you.
You die...
Your body crumbles into a pile of gold.

#.# #.# #.# #.# #.# #.# #.#
#.h.# #.# #.# +...+ #.# #.#
#o..# #.# #.# ##o..## #.# #4##
#8.o.8# ##.# #@o###oo...###..#
##ooo##'o'##...##
###ooo......### ###.8.8.###
### ##...## ####.##
#######.....##
######.#...###............#
##.##......###..#####..##.....
#.......#..#...## ##..##.#..#


You could see a hellwing (summoned), 2 orc sorcerers, an orc warrior, an orc
priest and 3 orcs.

Vanquished Creatures
  A boulder beetle (D:8)
  2 two-headed ogres (D:10)
  A gargoyle (D:10)
  A komodo dragon (D:9)
  4 trolls
  Prince Ribbit (D:6)
  A hornet (D:8)
  A shadow (D:9)
  A wraith (D:10)
  3 wyverns
  17 yaks
  2 steam dragons
  A warg (Orc:2)
  3 water moccasins
  An acid dragon (D:8)
  7 orc warriors
  6 black bears
  3 sky beasts (D:7)
  An ice beast (D:6)
  5 ogres
  2 centaurs (D:8)
  4 bullfrogs
  8 scorpions
  A gnoll sergeant (D:9)
  10 wights (D:8)
  6 killer bees (D:10)
  2 howler monkeys
  2 hounds (D:3)
  4 orc priests
  8 jellies
  A sleepcap (D:5)
  An iguana (D:6)
  9 orc wizards
  9 adders
  5 gnolls (D:9)
  A shadow imp (D:7)
  A white imp (D:8)
  An ufetubus (D:4)
  2 worms (D:3)
  31 orcs
  6 ball pythons
  9 bats
  3 endoplasms
  3 giant cockroaches
  11 goblins
  14 hobgoblins
  3 jackals (D:3)
  6 quokkas
  3 frilled lizards (D:1)
  10 kobolds
  2 rats
240 creatures vanquished.

Vanquished Creatures (others)
  An orc wizard (D:8)
1 creature vanquished.

Grand Total: 241 creatures vanquished

Notes
Turn   | Place    | Note
-------+----------+-------------------------------------------
     0 | D:1      | Fodor the Minotaur Fighter began the quest for the Orb.
     0 | D:1      | Reached XP level 1. HP: 19/19 MP: 0/0
   267 | D:1      | Reached XP level 2. HP: 27/27 MP: 1/1
  1026 | D:1      | Reached XP level 3. HP: 33/33 MP: 2/2
  1047 | D:1      | Found a faded altar of an unknown god.
  1502 | D:2      | Identified the +2 robe of Demons {Str+3 Int-3 Dex+2}
  1957 | D:2      | Identified the +8 mace "Ygicw" {drain, *Corrode rPois MP+9
                  | Int+8}
  2095 | D:3      | Reached XP level 4. HP: 40/40 MP: 3/3
  2251 | D:3      | Reached skill level 1 in Short Blades
  2251 | D:3      | Reached skill level 1 in Maces & Flails
  2251 | D:3      | Reached XP level 5. HP: 44/47 MP: 4/4
  2294 | D:3      | Identified the ring of Zaskudyd {Ice rN+}
  2337 | D:3      | Found an opulent altar of Gozag.
  2337 | D:3      | Found a sacrificial altar of Ru.
  2349 | D:3      | Became a worshipper of Gozag Ym Sagoz the Greedy
  2735 | D:4      | Noticed a black bear
  2741 | D:4      | Killed a black bear
  2742 | D:4      | Reached skill level 2 in Maces & Flails
  2742 | D:4      | Reached skill level 5 in Armour
  2742 | D:4      | Reached skill level 1 in Dodging
  2745 | D:4      | Reached XP level 6. HP: 53/53 MP: 5/5
  2792 | D:4      | Reached skill level 3 in Maces & Flails
  2825 | D:4      | Reached skill level 4 in Maces & Flails
  2825 | D:4      | Reached skill level 5 in Shields
  2881 | D:4      | You fall into a shaft and drop 3 floors!
  2887 | D:7      | Noticed a sky beast
  2898 | D:7      | Killed a sky beast
  2899 | D:7      | Reached skill level 5 in Fighting
  2899 | D:7      | Reached XP level 7. HP: 53/61 MP: 6/6
  2916 | D:7      | Found a staircase to the Ecumenical Temple.
  2980 | D:6      | Reached skill level 5 in Maces & Flails
  3021 | D:5      | Entered Level 5 of the Dungeon
  3285 | D:4      | Identified the ring of the Living God {Drain rF+ rN+ Slay+2
                  | Stlth+}
  3429 | D:4      | Reached skill level 1 in Stealth
  4107 | D:5      | Reached skill level 6 in Maces & Flails
  4235 | D:5      | Reached XP level 8. HP: 65/70 MP: 7/7
  4495 | D:5      | Reached skill level 7 in Maces & Flails
  5551 | D:6      | Found a hazy altar of Hepliaklqana.
  5671 | D:6      | Reached skill level 8 in Maces & Flails
  5696 | D:6      | Noticed Prince Ribbit
  5716 | D:6      | Killed Prince Ribbit
  5717 | D:6      | Reached XP level 9. HP: 40/78 MP: 8/8
  5990 | D:6      | Reached skill level 9 in Maces & Flails
  6044 | D:6      | Found a glowing silver altar of Zin.
  6255 | Temple   | Entered the Ecumenical Temple
  6587 | D:7      | Found an ancient bone altar of Kikubaaqudgha.
  7381 | D:8      | Noticed a boulder beetle
  7385 | D:8      | Reached skill level 10 in Maces & Flails
  7438 | D:8      | Killed a boulder beetle
  7439 | D:8      | Reached XP level 10. HP: 38/88 MP: 9/9
  7446 | D:8      | Reached skill level 11 in Maces & Flails
  8158 | D:8      | Reached skill level 1 in Throwing
  8338 | D:9      | Reached skill level 10 in Armour
  8761 | D:9      | Found a staircase to the Lair.
  9275 | D:9      | Reached skill level 12 in Maces & Flails
  9646 | D:10     | Entered Level 10 of the Dungeon
  9646 | D:10     | Found a staircase to the Orcish Mines.
  9713 | D:10     | Reached XP level 11. HP: 74/97 MP: 10/10
  9939 | D:10     | Found a glowing golden altar of the Shining One.
 10133 | D:10     | Noticed a two-headed ogre
 10147 | D:10     | Killed a two-headed ogre
 10506 | D:10     | Found a hide-covered altar of Uskayaw.
 10617 | D:10     | Noticed a two-headed ogre
 10633 | D:10     | Killed a two-headed ogre
 11099 | Orc:1    | Entered Level 1 of the Orcish Mines
 11270 | Orc:2    | Entered Level 2 of the Orcish Mines
 11352 | Orc:2    | Reached skill level 10 in Fighting
 11643 | Orc:2    | Reached skill level 13 in Maces & Flails
 11646 | Orc:2    | Noticed an orc sorcerer
 11646 | Orc:2    | Noticed an orc sorcerer
 11646 | Orc:2    | Noticed an orc warlord
 11655 | Orc:2    | Noticed a sixfirhy
 11660 | Orc:2    | Noticed a sixfirhy
 11682 | Orc:2    | Paralysed by an orc sorcerer for 4 turns
 11684 | Orc:2    | HP: 3/99 [orc sorcerer/+0 dagger[an orc warlord] (5)]
 11685 | Orc:2    | Slain by a hellwing

Illustrated notes

Levels and vault maps discovered:
D:1:      dpeg_arrival_erosion, layout_loops_corners,
          shapermc_ecumenical_altar_hornbeckon, minmay_misc_feat_tower,
          minmay_tromino_mix6
D:2:      layout_loops_ring
D:3:      layout_loops_cross, nicolae_overflow_two_pavilions
D:4:      minmay_evil_eye, layout_gridville, serial_bayou_crossing
D:5:      layout_basic, kennysheep_cross_bottleneck, serial_park_tiny_2
D:6:      layout_loops_ring, worldfamousw_hep_ancestral_shrine, zin_statuary,
          minmay_misc_feat_alley, uniq_prince_ribbit1
D:7:      layout_rooms, mainiacjoe_overflow_alcove_2, temple_statues
D:8:      nicolae_cairo_tiling_large, layout_rooms, chei_slow_surprise,
          grunt_potential
D:9:      layout_grid_maze, due_lair_maze_entry_diamond
D:10:     layout_grid_maze, nicolae_overflow_crystal_walls,
          nicolae_uskayaw_dance_hall, orc_0_dummy
Temple:   eino_temple_water
Orc:1:    layout_diamond_mine, basic_altar, minmay_orc_temple_a
Orc:2:    grunt_orc_community_town_hall, layout_caves,
          grunt_orc_community_big_house_1, grunt_orc_community_big_house_2,
          grunt_orc_community_house_3, grunt_orc_community_house_1,
          grunt_orc_community_house_3, grunt_orc_community_house_1,
          serial_shops, nicolae_shop_tiny_glass

Skill      XL: |  1  2  3  4  5  6  7  8  9 10 11 |
---------------+----------------------------------+-----
Fighting       | 4 5 6 7 9 10 | 10.1
Shields        | 4 5 6 7 8 |  8.6
Armour         | 4 5 6 8 9 10 11 | 11.7
Short Blades   | 1 |  1.2
Maces & Flails | 1 2 4 6 8 10 12 13 | 13.0
Dodging        | 1 2 3 4 |  4.3
Stealth        | 1 2 |  2.2
Throwing       | 2 |  2.7
Long Blades    | |  2.9

Action                     |  1- 3 |  4- 6 |  7- 9 | 10-12 || total
---------------------------+-------+-------+-------+-------++-------
  Melee: Long sword        |    17 |       |       |       ||    17
         Headbutt          |    17 |     5 |    32 |    54 ||   108
         Dagger            |    93 |       |       |       ||    93
         Mace              |    13 |    52 |   172 |   253 ||   490
  Throw: Dart              |       |       |     2 |     2 ||     4
         Javelin           |       |       |       |     7 ||     7
    Use: Scroll            |       |       |     7 |     2 ||     9
         Potion            |       |       |     5 |     1 ||     6
   Stab: Distracted        |       |     1 |     1 |       ||     2
         Invisible         |       |       |       |     1 ||     1
 Armour: Scale mail        |    64 |     3 |       |       ||    67
         Chain mail        |       |    26 |    81 |   117 ||   224
  Dodge: Dodged            |    52 |    23 |    67 |   222 ||   364
  Block: Buckler           |    27 |    14 |    41 |    97 ||   179
